 Dungeon Crawl Stone Soup version 0.24.0-124-g2791043dd8 (webtiles) character file.

Game seed: 15703162545687427628, levelgen mode: deterministic

4522 Alfie the Archer (level 10, -7/86 HPs)
             Began as a Minotaur Hunter on Feb 14, 2020.
             Mangled by Harold
             ... wielding a +0 short sword
              (9 damage)
             ... on level 8 of the Dungeon.
             The game lasted 00:23:17 (4998 turns).

Alfie the Archer (Minotaur Hunter)                  Turns: 4998, Time: 00:23:17

Health: -7/86      AC:  4    Str: 26    XL:     10   Next: 17%
Magic:  9/9        EV: 13    Int:  8    God:
Gold:   192        SH:  0    Dex: 10    Spells: 9/9 levels left

rFire    . . .     SeeInvis .   b - +3 short sword
rCold    . . .     Gourm    .   (no shield)
rNeg     . . .     Faith    .   c - +1 leather armour
rPois    .         Spirit   .   (helmet restricted)
rElec    .         Reflect  .   (no cloak)
rCorr    .         Harm     .   (no gloves)
MR       .....                  (no boots)
Stlth    ++........             (no amulet)
HPRegen  0.24/turn              l - +5 ring of slaying
MPRegen  0.11/turn              (no ring)

@: mighty, lethally poisoned (-7 -> -9), marked
A: retaliatory headbutt, horns 2
a: no special abilities


You were on level 8 of the Dungeon.
You were not hungry.

You visited 1 branch of the dungeon, and saw 8 of its levels.

You collected 275 gold pieces.
You spent 83 gold pieces at shops.

Inventory:

Hand Weapons
 a - a +3 shortbow
 b - a +3 short sword (weapon)
Missiles
 d - 62 arrows
Armour
 c - a +1 leather armour (worn)
Jewellery
 i - an uncursed ring of wizardry
 l - a +5 ring of slaying (left hand)
 u - the ring "Uxaubb" {+Inv rF+ rC++ Dex-4}
   (You found it on level 5 of the Dungeon)

   [ring of protection from fire]

   It affects your dexterity (-4).
   It protects you from fire.
   It greatly protects you from cold.
   It lets you turn invisible.
 B - an uncursed ring of protection from cold
 D - an uncursed ring of protection from fire
Wands
 n - a wand of disintegration (16)
 r - a wand of digging (4)
 s - a wand of clouds (2)
 z - a wand of paralysis (6)
 A - a wand of flame (21)
Scrolls
 o - 2 scrolls of blinking
 w - 5 scrolls of remove curse
 x - a scroll of magic mapping
 y - 2 scrolls of teleportation
 C - a scroll of fog
Potions
 e - 2 potions of berserk rage
 g - 2 potions of heal wounds {unknown}
 h - 4 potions of lignification
 j - a potion of might
 k - 2 potions of agility {unknown}
 m - a potion of flight {unknown}
 p - 2 potions of ambrosia {unknown}
 q - a potion of resistance {unknown}
 t - a potion of cancellation {unknown}
 v - a potion of brilliance {unknown}
Comestibles
 f - 15 rations


   Skills:
 + Level 7.2 Fighting
 + Level 5.2 Short Blades
 + Level 12.6 Bows
 + Level 4.8 Armour
 + Level 4.8 Dodging
 + Level 2.4 Stealth


You had 9 spell levels left.
You didn't know any spells.
Your spell library contained the following spells:

 Spells                   Type           Power        Failure   Level  Hunger
 Corona                   Hex            #......      43%         1    ##.....
 Ensorcelled Hibernation  Hex/Ice        #.....       58%         2    ###....
 Confuse                  Hex            #.......     82%         3    ####...
 Dazzling Spray           Conj/Hex       #.....       82%         3    ####...
 Tukima's Dance           Hex            #.......     82%         3    ####...


Dungeon Overview and Level Annotations

Branches:
Dungeon (8/15)             Temple (0/1) D:5
   Lair: D:8-11

Altars:
Cheibriados
Fedhas
Makhleb
Sif Muna

Shops:
D:4 (*?   D:5 %:[

Annotations:
D:8 Harold


Innate Abilities, Weirdness & Mutations

You reflexively headbutt those who attack you in melee.
You have a pair of horns on your head.


Message History

Harold hits you with a +0 short sword!
* * * LOW HITPOINT WARNING * * *
The worker ant misses you. The crimson imp barely misses you.
You furiously retaliate!
You headbutt the crimson imp, but do no damage.
It was a potion of might.
You feel very mighty all of a sudden. The worker ant completely misses you.
You barely miss the worker ant. The worker ant bites you.
* * * LOW HITPOINT WARNING * * *
You are lethally poisoned!
The worker ant poisons you!
You puncture the worker ant! You headbutt the worker ant.
You kill the worker ant!
* * * LOW HITPOINT WARNING * * *
You feel sick.
The crimson imp blinks!
You hit Harold. You headbutt Harold!
Harold is severely wounded.
Harold hits you with a +0 short sword!
You die...

........ # #.... .##
########## #....((.#
.).).....# #... ..#
########.# #....(# #
#..#.##### #..ยง......
#@# ##########
####@###### .........#
#..(5.......
########.####.##.#######
.............##.#
#########........#
##########


You could see Harold and a crimson imp.

Vanquished Creatures
  A two-headed ogre (D:8)
  Pikel (D:5)
  Grinder (D:4)
  Sigmund (D:5)
  Eustachio (D:4)
  Menkaure (D:5)
  A water moccasin (D:5)
  An orc warrior (D:7)
  A slave (D:5)
  An ice beast (D:5)
  A black bear (D:6)
  4 phantoms
  2 ogres
  A centaur (D:7)
  4 bullfrogs
  A wyvern zombie (D:7)
  2 scorpions
  5 wights (D:8)
  A crimson imp (D:6)
  2 bullfrog zombies
  4 hounds
  6 orc wizards
  2 bullfrog skeletons
  3 centaur skeletons
  An orc priest (D:7)
  An iguana (D:5)
  Natasha (twice) (D:4)
  10 worker ants
  A hound skeleton (D:5)
  A worker ant zombie (D:6)
  12 adders
  8 gnolls
  A shadow imp (D:7)
  2 oozes (D:2)
  A worm (D:2)
  2 dart slugs
  2 leopard geckos
  19 orcs
  7 bats
  4 giant cockroaches
  8 goblins
  8 hobgoblins
  6 jackals (D:1)
  3 kobolds
  3 quokkas
  3 ball pythons
  2 frilled lizards
  A jackal zombie (D:7)
  A leopard gecko skeleton (D:4)
  A quokka skeleton (D:6)
  2 rats
160 creatures vanquished.

Notes
Turn   | Place    | Note
-------+----------+-------------------------------------------
     0 | D:1      | Alfie the Minotaur Hunter began the quest for the Orb.
     0 | D:1      | Reached XP level 1. HP: 18/18 MP: 0/0
   104 | D:1      | Reached XP level 2. HP: 25/25 MP: 1/1
   165 | D:1      | Reached skill level 5 in Bows
   812 | D:2      | Reached XP level 3. HP: 26/30 MP: 2/2
  1305 | D:2      | Reached skill level 1 in Armour
  1320 | D:2      | Reached XP level 4. HP: 37/37 MP: 3/3
  1338 | D:2      | Reached skill level 1 in Stealth
  1695 | D:3      | Reached skill level 1 in Short Blades
  1785 | D:3      | Found a shimmering blue altar of Sif Muna.
  1870 | D:4      | Reached XP level 5. HP: 37/45 MP: 4/4
  1884 | D:4      | Found Qakegaa's Antique Weapon Shoppe.
  1891 | D:4      | Found Biewoloi's General Store.
  1907 | D:4      | Bought a scroll of identify for 22 gold pieces
  1907 | D:4      | Bought a potion of curing for 33 gold pieces
  2025 | D:4      | Found Sitopp's Magic Scroll Boutique.
  2033 | D:4      | Bought a scroll of identify for 28 gold pieces
  2041 | D:4      | Reached skill level 6 in Bows
  2091 | D:4      | Noticed a phantom
  2120 | D:4      | Killed a phantom
  2120 | D:4      | Reached XP level 6. HP: 8/51 MP: 5/5
  2228 | D:4      | HP: 2/51 [phantom (5)]
  2312 | D:4      | Noticed Grinder
  2319 | D:4      | Killed Grinder
  2319 | D:4      | Reached skill level 7 in Bows
  2319 | D:4      | Reached XP level 7. HP: 12/58 MP: 6/6
  2402 | D:4      | Noticed Eustachio
  2405 | D:4      | Noticed Natasha
  2410 | D:4      | Killed Natasha
  2411 | D:4      | Killed Eustachio
  2448 | D:4      | Found a blossoming altar of Fedhas.
  2670 | D:4      | Noticed Natasha
  2675 | D:4      | Killed Natasha
  2711 | D:5      | Entered Level 5 of the Dungeon
  2753 | D:5      | Reached XP level 8. HP: 57/67 MP: 7/7
  2791 | D:5      | Got a sparkling granite ring
  2793 | D:5      | Identified the ring "Uxaubb" {+Inv rF+ rC++ Dex-4} (You
                  | found it on level 5 of the Dungeon)
  2829 | D:5      | Reached skill level 8 in Bows
  2930 | D:5      | Found Zets's Food Shoppe.
  2983 | D:5      | Found Haliczou's Book Emporium.
  3058 | D:5      | Found a snail-covered altar of Cheibriados.
  3117 | D:5      | Found Jiafara's Armour Boutique.
  3198 | D:5      | Noticed Sigmund
  3205 | D:5      | Killed Sigmund
  3205 | D:5      | Reached skill level 5 in Fighting
  3258 | D:5      | Noticed Menkaure
  3264 | D:5      | Killed Menkaure
  3264 | D:5      | Reached skill level 9 in Bows
  3318 | D:5      | Found a staircase to the Ecumenical Temple.
  3404 | D:5      | Noticed Pikel
  3415 | D:5      | Killed Pikel
  3415 | D:5      | Reached skill level 5 in Short Blades
  3415 | D:5      | Reached skill level 10 in Bows
  3415 | D:5      | Reached XP level 9. HP: 47/75 MP: 8/8
  3991 | D:7      | Reached skill level 11 in Bows
  4162 | D:7      | Found a burning altar of Makhleb.
  4819 | D:8      | Reached skill level 12 in Bows
  4919 | D:8      | Noticed a two-headed ogre
  4929 | D:8      | Killed a two-headed ogre
  4929 | D:8      | Reached XP level 10. HP: 53/86 MP: 9/9
  4978 | D:8      | Noticed Harold
  4993 | D:8      | HP: 3/86 [Harold/+0 short sword (11)]
  4998 | D:8      | Mangled by Harold

Levels and vault maps discovered:
D:1:      giann_horns, layout_basic
D:2:      layout_basic
D:3:      layout_rooms, lemuel_blue_sif_altar
D:4:      layout_loops_cross, fedhas_altar_fruit_tree, serial_shops, shop, shop,
          nicolae_shop_waterfront, uniq_natasha, uniq_eustachio, uniq_grinder
D:5:      layout_gridville, kennysheep_slug_shrine,
          minmay_temple_entry_junction, serial_shops, nicolae_shop_behind_doors,
          shop_statue, shop_statue, first_ration, nrook_pool_corridor,
          uniq_pikel, uniq_sigmund, uniq_menkaure
D:6:      layout_basic, gammafunk_temple_overflow_elements,
          nicolae_ossuary_entry_false_entrances
D:7:      layout_loops_ring, kennysheep_mini, minmay_starry_boxes
D:8:      layout_loops_ring, lair_entry_dummy, uniq_harold, uniq_prince_ribbit1

Skill      XL: |  1  2  3  4  5  6  7  8  9 |
---------------+----------------------------+-----
Bows           | 5 6 7 10 12 | 12.6
Armour         | 1 2 3 4 |  4.8
Stealth        | 1 2 |  2.4
Fighting       | 3 4 6 7 |  7.2
Short Blades   | 1 2 3 5 |  5.2
Dodging        | 3 4 |  4.8

Action                   |  1- 3 |  4- 6 |  7- 9 | 10-12 || total
-------------------------+-------+-------+-------+-------++-------
Melee: Short sword       |    37 |    67 |    32 |     9 ||   145
       Headbutt          |     6 |    12 |     6 |     4 ||    28
       Shortbow          |       |       |       |     2 ||     2
 Fire: Shortbow          |    43 |    40 |   262 |     7 ||   352
  Use: Scroll            |     7 |     5 |    11 |       ||    23
       Potion            |       |     3 |       |     1 ||     4
 Stab: Sleeping          |     1 |       |       |       ||     1
  Eat: Ration            |     1 |     1 |     2 |       ||     4
Armor: Leather armour    |    20 |    23 |    12 |     4 ||    59
Dodge: Dodged            |    55 |    46 |    66 |    10 ||   177
